 Dungeon Crawl Stone Soup version 0.23-a0-141-g456867d (webtiles) character file.

7085 galech the Cleaver (level 10, -8/80 HPs)
             Began as a Demonspawn Monk on Aug 31, 2018.
             Was a High Priest of Okawaru.
             Mangled by a two-headed ogre
             ... wielding a +0 giant spiked club
              (18 damage)
             ... on level 9 of the Dungeon.
             The game lasted 00:17:33 (9532 turns).

galech the Cleaver (Demonspawn Monk)                Turns: 9532, Time: 00:17:34

Health: -8/80      AC: 14    Str: 12    XL:     10   Next: 84%
Magic:  10/11      EV: 21    Int: 12    God:    Okawaru [*****.]
Gold:   467        SH:  0    Dex: 21    Spells: 9/9 levels left

rFire    . . .     SeeInvis .   x - +0 war axe
rCold    + . .     Gourm    .   (no shield)
rNeg     . . .     Faith    .   F - +0 troll leather armour
rPois    .         Spirit   .   u - +0 helmet
rElec    .         Reflect  .   B - +0 cloak
rCorr    .         Harm     .   e - +0 pair of gloves
MR       .....                  d - +0 pair of boots
Stlth    ++++......             r - amulet of the acrobat
HPRegen  0.63/turn              a - ring of protection from cold
MPRegen  0.12/turn              v - +3 ring of dexterity

@: heroism
A: icy blue scales 2, powered by death 2
a: Heroism, Finesse, Renounce Religion


You were on level 9 of the Dungeon.
You worshipped Okawaru.
Okawaru was extremely pleased with you.
You were very hungry.

You visited 2 branches of the dungeon, and saw 10 of its levels.

You collected 467 gold pieces.

Inventory:

Hand Weapons
 h - a +4 scimitar
 x - a +0 war axe (weapon)
Armour
 d - a +0 pair of boots (worn)
 e - a +0 pair of gloves (worn)
 u - a +0 helmet (worn)
 B - a +0 cloak (worn)
 C - a +0 chain mail
 F - a +0 troll leather armour (worn)
Jewellery
 a - a ring of protection from cold (left hand)
 p - an uncursed ring of resist corrosion
 r - an amulet of the acrobat (around neck)
 v - a +3 ring of dexterity (right hand)
 E - an uncursed ring of fire
Wands
 y - a wand of flame (93)
 G - a wand of acid (6)
Scrolls
 b - 3 scrolls of fear
 i - a scroll of identify
 l - 2 scrolls of enchant weapon
 m - 2 scrolls of immolation
 n - a scroll of amnesia
 o - 6 scrolls of teleportation
 q - a scroll of magic mapping {unknown}
 s - 3 scrolls of enchant armour
 t - a scroll of noise {unknown}
 A - 8 scrolls of remove curse
 D - a scroll of blinking {unknown}
Potions
 f - 2 potions of brilliance {unknown}
 g - 2 potions of degeneration {unknown}
 j - a potion of berserk rage
 k - 5 potions of curing {unknown}
 w - 3 potions of lignification {unknown}
 z - 3 potions of agility {unknown}
Comestibles
 c - 26 rations


   Skills:
 + Level 7.9(12.9) Fighting
 + Level 11.3(16.3) Axes
 + Level 4.8(9.8) Armour
 + Level 6.3(11.3) Dodging
 + Level 3.3(8.3) Stealth
 + Level 1.8 Invocations


You had 9 spell levels left.
You didn't know any spells.
Your spell library was empty.

Dungeon Overview and Level Annotations

Branches:
Dungeon (9/15)             Temple (1/1) D:6
   Lair: D:8-11         Orc: D:9-12

Altars:
Ashenzari
Dithmenos
Fedhas
Gozag
Kikubaaqudgha
Okawaru
Ru
Trog
Uskayaw
Wu Jian

Annotations:
D:7 1 runed door, soark's ghost, novice KoHu


Innate Abilities, Weirdness & Mutations

You are mostly covered in icy blue scales. (AC +3)
You regenerate health from kills.


Message History

You are too injured to fight recklessly!
You are too injured to fight recklessly!
You are too injured to fight recklessly!
You are too injured to fight recklessly!
You are too injured to fight recklessly!
You are too injured to fight recklessly!
You are too injured to fight recklessly!
You are too injured to fight recklessly!
You are too injured to fight recklessly!
You are too injured to fight recklessly!
You are too injured to fight recklessly!
You are too injured to fight recklessly!
You hit the two-headed ogre but do no damage.
The two-headed ogre is almost dead.
You hit the two-headed ogre but do no damage.
The two-headed ogre is almost dead.
The two-headed ogre hits you with a giant spiked club!!
* * * LOW HITPOINT WARNING * * *
The two-headed ogre hits you with a giant club!!
You die...

##....##......#
+......#......#
#......#......#
#......#......#
#......#......#
#.....#......#
..##..!O.#......#
.......@####'####
........##......#
................#
................#
................#
####............#
#............#
..............#
...............#


You could see a two-headed ogre.

Vanquished Creatures
  A manticore (D:8)
  Joseph (D:7)
  A queen bee (D:8)
  A troll (D:7)
  11 yaks
  A hungry ghost (D:9)
  Menkaure (D:5)
  A water moccasin (D:9)
  An ice beast (D:8)
  5 orc warriors
  2 black bears (D:7)
  A sky beast (D:5)
  2 ogres
  2 phantoms (D:8)
  A necrophage (D:6)
  2 centaurs (D:8)
  4 bullfrogs
  15 killer bees (D:8)
  7 wights
  4 howler monkeys
  A bullfrog zombie (D:5)
  A quasit (D:7)
  A centaur zombie (D:6)
  2 hounds (D:5)
  10 orc priests
  5 orc wizards
  Crazy Yiuf (D:3)
  3 bullfrog skeletons
  Ijyb (D:4)
  An iguana (D:6)
  6 worker ants
  Terence (D:3)
  A killer bee zombie (D:8)
  A hound zombie (D:5)
  A hound skeleton (D:5)
  Robin (D:3)
  15 adders
  2 shadow imps
  5 worms
  3 leopard geckos
  38 orcs
  11 bats
  5 giant cockroaches
  11 goblins
  15 hobgoblins
  8 jackals
  11 kobolds
  2 quokkas (D:4)
  3 frilled lizards (D:1)
  A leopard gecko zombie (D:8)
  A quokka skeleton (D:7)
  4 rats
236 creatures vanquished.

Notes
Turn   | Place    | Note
-------+----------+-------------------------------------------
     0 | D:1      | galech the Demonspawn Monk began the quest for the Orb.
     0 | D:1      | Reached XP level 1. HP: 18/18 MP: 1/1
   214 | D:1      | Gained mutation: You regenerate a little health from kills.
                  | [demonic ancestry]
   214 | D:1      | Reached XP level 2. HP: 14/24 MP: 2/2
   246 | D:1      | Reached skill level 3 in Axes
   784 | D:1      | Gained mutation: You are partially covered in icy blue
                  | scales. (AC +2) [demonic ancestry]
   784 | D:1      | Reached XP level 3. HP: 28/29 MP: 3/3
  1194 | D:2      | Reached XP level 4. HP: 32/35 MP: 4/4
  1326 | D:2      | Found an opulent altar of Gozag.
  1408 | D:2      | Found a shattered altar of Ashenzari.
  1698 | D:3      | Noticed Terence
  1741 | D:3      | Killed Terence
  1741 | D:3      | Reached skill level 1 in Armour
  1741 | D:3      | Reached XP level 5. HP: 28/42 MP: 5/5
  1960 | D:3      | Noticed Robin
  1971 | D:3      | Killed Robin
  1976 | D:3      | Reached skill level 4 in Axes
  2245 | D:3      | Found a runed door.
  2549 | D:4      | Noticed Ijyb
  2559 | D:4      | Killed Ijyb
  2571 | D:4      | Gained mutation: You regenerate health from kills. [demonic
                  | ancestry]
  2571 | D:4      | Reached XP level 6. HP: 34/48 MP: 6/6
  3040 | D:4      | Reached skill level 5 in Axes
  3208 | D:4      | Gained mutation: You are mostly covered in icy blue scales.
                  | (AC +3) [demonic ancestry]
  3208 | D:4      | Reached XP level 7. HP: 48/55 MP: 7/7
  3610 | D:5      | Entered Level 5 of the Dungeon
  3721 | D:6      | Found a staircase to the Ecumenical Temple.
  4063 | D:5      | Reached skill level 6 in Axes
  4081 | D:5      | Reached skill level 5 in Fighting
  4371 | D:5      | Noticed Menkaure
  4385 | D:5      | Killed Menkaure
  4385 | D:5      | Reached XP level 8. HP: 24/62 MP: 8/8
  4660 | D:3      | Noticed Crazy Yiuf
  4670 | D:3      | Killed Crazy Yiuf
  4979 | D:6      | Reached skill level 7 in Axes
  5970 | Temple   | Entered the Ecumenical Temple
  5975 | Temple   | Became a worshipper of Warmaster Okawaru
  5975 | Temple   | Reached * piety under Okawaru
  5975 | Temple   | Reached ** piety under Okawaru
  6157 | D:6      | Reached skill level 8 in Axes
  6490 | D:7      | Noticed a troll
  6503 | D:7      | Killed a troll
  6757 | D:6      | Reached XP level 9. HP: 44/69 MP: 9/9
  6789 | D:6      | Reached skill level 9 in Axes
  6936 | D:7      | Reached *** piety under Okawaru
  7075 | D:7      | Found a runed door.
  7075 | D:7      | Noticed soark's ghost (novice KoHu)
  7151 | D:7      | Noticed Joseph
  7172 | D:7      | Killed Joseph
  7172 | D:7      | Reached skill level 1 in Invocations
  7241 | D:7      | Found a shadowy altar of Dithmenos.
  7861 | D:8      | Noticed a queen bee
  7904 | D:8      | Reached skill level 10 in Axes
  7945 | D:8      | Reached XP level 10. HP: 70/79 MP: 10/10
  7972 | D:8      | Reached **** piety under Okawaru
  8079 | D:8      | Noticed a manticore
  8086 | D:8      | Reached skill level 5 in Dodging
  8099 | D:8      | Killed a manticore
  8947 | D:9      | Reached skill level 11 in Axes
  9122 | D:9      | Reached ***** piety under Okawaru
  9512 | D:9      | Noticed a two-headed ogre
  9532 | D:9      | Mangled by a two-headed ogre

Vault maps used:
D:1:      scummos_arrival_checkerplants, serial_aquarium,
          aquarium_bridge_island_small, aquarium_window_1, aquarium_window_fake,
          aquarium_view_2a, aquarium_view_2e, aquarium_balcony_3b, minivault_25
D:2:      evilmike_ruin_ashenzari, nicolae_gozag_cash_rules_everything_around_me
D:3:      uniq_robin, uniq_crazy_yiuf_cottage, uniq_terence
D:4:      kennysheep_cross_bottleneck, hangedman_minor_gate_pass, uniq_ijyb
D:5:      first_ration, kennysheep_doodads, bh_chokoban, grunt_ministairs_4,
          uniq_menkaure
D:6:      minmay_temple_entry_junction, grunt_decor_mini_mirrors
D:7:      gammafunk_ghost_grave, grunt_dithmenos_smoke_and_mirrors, uniq_joseph
D:8:      david_nohive_1
Temple:   compressed_dpeg_triangle_lava_temple

Skill      XL: |  1  2  3  4  5  6  7  8  9 10 |
---------------+-------------------------------+-----
Axes           | 3 4 5 6 8 10 11 | 11.3
Dodging        | 3 4 6 |  6.3
Stealth        | 2 3 |  3.3
Fighting       | 4 5 6 7 |  7.9
Armour         | 1 2 3 4 |  4.8
Invocations    | 1 |  1.8

Action                   |  1- 3 |  4- 6 |  7- 9 | 10-12 || total
-------------------------+-------+-------+-------+-------++-------
Melee: Hand axe          |   128 |   172 |       |       ||   300
       War axe           |       |    89 |   517 |   251 ||   857
       Punch             |       |       |     1 |     3 ||     4
Invok: Heroism           |       |       |     6 |     5 ||    11
  Use: Scroll            |       |       |     4 |     6 ||    10
 Stab: Sleeping          |     3 |     5 |     2 |       ||    10
       Distracted        |       |       |     1 |     1 ||     2
  Eat: Chunk             |     1 |     7 |    14 |     7 ||    29
Armor: Robe              |    24 |       |       |       ||    24
       Ring mail         |    47 |    98 |    66 |       ||   211
       Chain mail        |       |       |   103 |       ||   103
       Troll leather arm |       |       |    56 |    74 ||   130
Dodge: Dodged            |   103 |   199 |   379 |   272 ||   953

Table legend:
 A = Non-vault XP
 B = Vault XP
 C = Vault XP percentage of total XP
 D = Non-vault monster count
 E = Vault monster count
 F = Vault count percentage of total count
                 A         B        C        D         E       F
            +---------+---------+-------+---------+---------+-------
      Total |    8112 |    2010 |  19.9 |     201 |      35 |  14.8
            +---------+---------+-------+---------+---------+-------
        D:1 |      46 |       0 |   0.0 |      26 |       0 |   0.0
        D:2 |     128 |       0 |   0.0 |      24 |       0 |   0.0
        D:3 |      66 |     106 |  61.6 |      14 |      13 |  48.1
        D:4 |     467 |     106 |  18.5 |      24 |       4 |  14.3
        D:5 |     476 |     165 |  25.7 |      21 |       1 |   4.5
        D:6 |    1748 |       0 |   0.0 |      26 |       0 |   0.0
        D:7 |    1040 |     412 |  28.4 |      18 |       1 |   5.3
        D:8 |    2346 |    1221 |  34.2 |      35 |      16 |  31.4
        D:9 |    1795 |       0 |   0.0 |      13 |       0 |   0.0
            +---------+---------+-------+---------+---------+-------
